 Dungeon Sprint DCSS version 0.29-a0-577-gafbf2c5d25 (webtiles) character file.

Game seed: 16474524297420670487

25 mhtbhm the Shield-Bearer (level 3, -2/30 HPs)
             Began as a Human Fighter on June 13, 2022.
             Slain by a basilisk (6 damage)
             ... while petrified by a basilisk
             ... in the Dungeon (Sprint I: "Red Sonja").
             The game lasted 00:00:26 (169 turns).

mhtbhm the Shield-Bearer (Human Fighter)             Turns: 169, Time: 00:00:27

Health: -2/30      AC:  7    Str: 16    XL:     3   Next: 17%
Magic:  3/3        EV:  2    Int:  8    God:
Gold:   0          SH:  0    Dex: 14    Spells: 2/2 levels left

rFire   . . .      SeeInvis .   a - +0 long sword
rCold   . . .      Faith    .   c - +0 buckler
rNeg    + + +      Spirit   .   b - +0 scale mail
rPois   ∞          Reflect  .   (no helmet)
rElec   .          Harm     .   (no cloak)
rCorr   .          Rampage  .   (no gloves)
Will    .....      NoTele   +   (no boots)
Stlth   ..........              (no amulet)
HPRegen 0.10/turn               (no ring)
MPRegen 0.08/turn               (no ring)

@: petrified
A: no striking features
a: no special abilities


You were in the Dungeon.
You visited 1 branch

Inventory:

Hand Weapons
 a - a +0 long sword (weapon)
Armour
 b - a +0 scale mail (worn)
 c - a +0 buckler (worn)
Wands
 i - a wand of polymorph (2)
Scrolls
 j - a scroll of blinking
Potions
 d - a potion of might
 e - a potion of curing
 f - a potion of heal wounds
 g - a potion of haste
 h - 2 potions of magic
 k - a potion of mutation {unknown}


   Skills:
 + Level 4.2 Fighting
 + Level 3.0 Long Blades
 + Level 4.2 Armour
 + Level 4.2 Shields


You had 2 spell levels left.
You didn't know any spells.
Your spell library was empty.

Dungeon Overview and Level Annotations

Branches:
Dungeon (1/1)

Altars:


Message History

The ogre shouts!
Aiming: Polymorph
Press: ? - help, Shift-Dir - straight line, f - ogre
Aim: an ogre, wielding a +0 giant club (will become a tengu, a basilisk, or a howler monkey, chance to affect: 49%)
The ogre resists with some effort.
Hit: a) +0 long sword
Press: ? - help, Dir - move target, f/p - ogre
Aim: an ogre, wielding a +0 giant club (about 25% to evade your +0 long sword)
Okay, then.
You don't have any such object.
Evoke which item? (* to show all) (? for menu, Esc to quit)
Aiming: Polymorph
Press: ? - help, Shift-Dir - straight line, f/p - ogre
Aim: an ogre, wielding a +0 giant club (will become a tengu, a basilisk, or a howler monkey, chance to affect: 49%)
The ogre evaporates and reforms as a basilisk!
Unknown command.
You closely miss the basilisk. The basilisk bites you.
The basilisk barely misses you.
You barely miss the basilisk.
The basilisk bites you but does no damage.
You slash the basilisk!
The basilisk is moderately wounded.
The basilisk barely misses you.
You hit the basilisk.
The basilisk is moderately wounded.
The basilisk bites you but does no damage.
The basilisk gazes at you.
You are slowing down.
You barely miss the basilisk.
The basilisk is moderately wounded.
The basilisk bites you! x2; You have turned to stone.
The basilisk bites you!
* * * LOW HITPOINT WARNING * * *
The basilisk bites you but does no damage.
The basilisk bites you.
* * * LOW HITPOINT WARNING * * *
The basilisk bites you but does no damage.
The basilisk gazes at you. The basilisk bites you!
You die...

##########
#<.#.@l..#
#..)..#..+
#..#### +#
#..# #..#
#..# #⌠⌠#
####


You could see a basilisk.

Vanquished Creatures
  Ijyb (D)
1 creature vanquished.

Notes
Turn   | Place    | Note
-------+----------+-------------------------------------------
     0 | D        | mhtbhm the Human Fighter began the quest for the Orb.
     0 | D        | Reached XP level 1. HP: 18/18 MP: 1/1
     2 | D        | Noticed Ijyb
    14 | D        | Killed Ijyb
    15 | D        | Reached XP level 2. HP: 25/25 MP: 2/2
    15 | D        | Reached XP level 3. HP: 30/30 MP: 3/3
   156 | D        | Noticed an ogre
   158 | D        | Noticed a basilisk
   158 | D        | an ogre changed into a basilisk
   169 | D        | Slain by a basilisk

Illustrated notes

Levels and vault maps discovered:
D:        dungeon_sprint_1 [red_sonja_temple_1, red_sonja_temple_small_1]

Skill      XL: |  1 |
---------------+----+-----
Fighting       | 4 |  4.2
Long Blades    | 3 |  3.0
Armour         | 4 |  4.2
Shields        | 4 |  4.2

Action                   || total
-------------------------++-------
Melee: Long sword        ||    16
Evoke: Wand              ||     2
  Use: Potion            ||     1
Armor: Skin              ||     3
       Scale mail        ||     5
Dodge: Dodged            ||     3
Block: Buckler           ||     1

Table legend: (Time is in decaauts)
 A = Elapsed time spent in this place.
 B = Non-inter-level travel time spent in this place.
 C = Inter-level travel time spent in this place.
 D = Time resting spent in this place.
 E = Time spent auto-exploring this place.
 F = Levels seen in this place.
 G = Mean time per level.
                   A        B        C        D        E       F      G
               +--------+--------+--------+--------+--------+-----+--------+
         Total |    181 |    181 |      0 |    147 |      0 |   1 |  181.0 |
       Dungeon |    181 |    181 |      0 |    147 |      0 |   1 |  181.0 |
               +--------+--------+--------+--------+--------+-----+--------+

Top non-repeatable levels by time:
       D: 181 daAuts
